 Dungeon Crawl Stone Soup version 0.29.1-1-gd02db6906a (webtiles) character file.

Game seed: 10747564910705031476

32407 Rediskos the Convoker (level 13, -2/64 HPs)
             Began as a Tengu Summoner on Oct 8, 2022.
             Was a High Priest of Hepliaklqana.
             Slain by a six-headed hydra (13 damage)
             ... on level 4 of the Lair of Beasts.
             The game lasted 01:49:01 (16446 turns).

Rediskos the Convoker (Tengu Summoner)             Turns: 16446, Time: 01:49:02

Health: -2/64      AC:  8    Str:  9    XL:     13   Next: 64%
Magic:  12/41      EV: 16    Int: 26    God:    Hepliaklqana [*****.]
Gold:   576        SH:  0    Dex: 14    Spells: 12/38 levels left

rFire   + . .      SeeInvis .   W - +0 spear
rCold   . . .      Faith    .   q - orb {light}
rNeg    . . .      Spirit   .   e - +1 leather armour {rF+}
rPois   .          Reflect  .   d - +3 hat of Pondering {ponderous, Will+ MP+10 Int+5}
rElec   .          Harm     .   (no cloak)
rCorr   .          Rampage  .   v - +0 pair of gloves
Will    ++...                   (boots unavailable)
Stlth   +.........              g - amulet of magic regeneration
HPRegen 0.20/turn               t - ring of wizardry
MPRegen 0.67/turn               I - ring of willpower

@: flying quickly and evasively, slowed, glowing, very slow
A: reduced essence, beak, talons 3, nimble flight
a: Renounce Religion, Recall Ancestor, Ancestor Identity, Transference, Idealise


You were on level 4 of the Lair of Beasts.
You worshipped Hepliaklqana.
Hepliaklqana was extremely pleased with you.
You visited 3 branches of the dungeon, and saw 14 of its levels.
You also visited: Volcano.

You collected 1032 gold pieces.
You spent 456 gold pieces at shops.

Inventory:

Hand Weapons
 w - a +3 mace of protection
 W - a +0 spear (weapon)
Missiles
 k - 2 curare-tipped darts
 y - 12 poisoned darts
Armour
 a - a +0 chain mail of fire resistance
 d - the +3 hat of Pondering (worn) {ponderous, Will+ MP+10 Int+5}
   (You acquired it on level 4 of the Dungeon)

   Int:       It affects your intelligence (+5).
   MP:        It affects your magic capacity (+10).
   Will:      It increases your willpower.
 e - a +1 leather armour of fire resistance (worn)
 q - an orb of light (worn)
 v - a +0 pair of gloves (worn)
 Q - a +0 robe of fire resistance
Magical Staves
 l - a staff of air
 H - a staff of fire
Jewellery
 g - an amulet of magic regeneration (around neck)
 o - an amulet of reflection
 r - the ring of Shadows {Umbra +Inv Stlth+}
   (You found it on level 4 of the Lair of Beasts)

   [ring of stealth]

   It surrounds you with an aura of shadow, increasing your stealth and reducing
   the accuracy of all others within it.
   +Inv:      It lets you turn invisible.
   Stlth:     It makes you more stealthy.
 t - a ring of wizardry (left hand)
 C - a ring of wizardry
 D - a ring of fire
 I - a ring of willpower (right hand)
 L - the amulet "Hekliocs" {Regen+ SInv}
   (You found it on level 9 of the Dungeon)

   [amulet of regeneration]

   SInv:      It lets you see invisible.
   Regen:     It increases your rate of health regeneration.
 M - a ring of wizardry
 S - a ring of magical power
 V - a ring of fire
 X - a ring of resist corrosion
Wands
 s - a wand of flame (36)
 u - a wand of acid (18)
 x - a wand of polymorph (5)
 F - a wand of charming (7)
Scrolls
 m - 4 scrolls of poison
 p - 2 scrolls of noise
 B - 8 scrolls of identify
 E - a scroll of fear
 G - 3 scrolls of teleportation
 U - a scroll of magic mapping {unknown}
 Z - a scroll of acquirement
Potions
 b - 4 potions of magic
 c - 4 potions of brilliance
 f - a potion of resistance {unknown}
 h - 5 potions of lignification
 i - 9 potions of curing
 j - 3 potions of cancellation
 n - 2 potions of heal wounds
 z - 2 potions of flight
 A - 3 potions of invisibility {unknown}
 J - 2 potions of degeneration {unknown}
 K - 4 potions of might {unknown}
 N - a potion of berserk rage {unknown}
 O - 2 potions of mutation {unknown}
 P - a potion of attraction {unknown}
 R - a potion of experience {unknown}
 T - a potion of ambrosia {unknown}
 Y - a potion of haste {unknown}


   Skills:
 - Level 5.0 Fighting
 - Level 5.0 Polearms
 - Level 5.0 Armour
 - Level 5.0 Dodging
 - Level 2.0 Stealth
 + Level 13.0 Spellcasting
 + Level 16.9 Summonings
 - Level 4.0 Ice Magic
 - Level 7.4 Air Magic
 - Level 2.0 Evocations


You had 12 spell levels left.
You knew the following spells:

 Your Spells              Type           Power      Damage    Failure   Level
a - Mephitic Cloud        Conj/Pois/Air  29%        N/A       1%          3
b - Call Imp              Summ           81%        N/A       0%          2
c - Call Canine Familiar  Summ           81%        N/A       0%          3
d - Summon Lightning Spi  Summ/Air       69%        N/A       1%          4
e - Summon Ice Beast      Ice/Summ       63%        N/A       1%          4
f - Summon Hydra          Summ           40%        N/A       1%          7
g - Summon Small Mammal   Summ           100%       N/A       0%          1
h - Blink                 Tloc           32%        N/A       2%          2

Your spell library contained the following spells:

 Spells                   Type           Power      Damage    Failure   Level
 Ensorcelled Hibernation  Hex/Ice        54%        N/A       1%          2
 Frozen Ramparts          Ice            74%        1d12      1%          3
 Summon Guardian Golem    Hex/Summ       57%        N/A       1%          3
 Ignite Poison            Fire/Tmut/Pois 16%        N/A       5%          3
 Inner Flame              Hex/Fire       16%        N/A       5%          3
 Lesser Beckoning         Tloc           16%        N/A       5%          3
 Ice Form                 Ice/Tmut       27%        N/A       8%          4
 Freezing Cloud           Conj/Ice/Air   18%        6-21      11%         5
 Cause Fear               Hex            8%         N/A       17%         4
 Malign Gateway           Summ/Tloc      28%        N/A       41%         7
 Manifold Assault         Tloc           16%        N/A       43%         5
 Dragon's Call            Summ           40%        N/A       85%         9
 Dragon Form              Tmut           8%         N/A       100%        7
 Discord                  Hex            8%         N/A       100%        8


Dungeon Overview and Level Annotations

Branches:
Dungeon (9/15)             Temple (1/1) D:4            Lair (4/5) D:9
  Swamp (0/4) Lair:3        Snake (0/4) Lair:3      Volcano (visited)
  Slime: Lair:4-5       Orc: D:9-12

Altars:
Ashenzari
Cheibriados
Dithmenos
Elyvilon
Fedhas
Gozag
Hepliaklqana
Kikubaaqudgha
Makhleb
Nemelex Xobeh
Okawaru
Qazlal
Ru
Sif Muna
Trog
Uskayaw
Vehumet
Wu Jian
Xom
Yredelemnul
Zin
The Shining One

Shops:
D:4 :

Annotations:
D:4 exclusion: hound
D:6 2 transporters, 101zpm's ghost, novice DjFE


Innate Abilities, Weirdness & Mutations

Your life essence is reduced to manifest your ancestor. (-10% HP)
You have a beak for a mouth.
You have claws for feet.
Your magical nature lets you fly swiftly and evasively.


Message History

The six-headed hydra closely misses you.
The six-headed hydra misses you.
The elephant barely misses your eight-headed hydra.
The elephant closely misses your eight-headed hydra.
The water moccasin bites your eight-headed hydra.
Your eight-headed hydra is poisoned.
The water moccasin poisons your eight-headed hydra!
Your eight-headed hydra bites the water moccasin!
Your eight-headed hydra misses the water moccasin. x2
Your eight-headed hydra closely misses the water moccasin.
Your eight-headed hydra bites the water moccasin! x2
The water moccasin dies!
Your eight-headed hydra bites the elephant but does no damage.
Your eight-headed hydra bites the elephant!
Casting: Summon Hydra (dangerous; 1% risk of failure)
Confirm with . or Enter, or press ? or * to list all spells.
A four-headed hydra appears.
The elephant tramples your eight-headed hydra!
Your eight-headed hydra holds its ground!
The elephant trunk-slaps your eight-headed hydra.
The six-headed hydra misses you. The six-headed hydra bites you. x3
The six-headed hydra completely misses you.
The six-headed hydra bites you!
The elephant tramples your eight-headed hydra.
Your eight-headed hydra holds its ground!
The elephant trunk-slaps your eight-headed hydra.
Your eight-headed hydra bites the elephant! x2
Your eight-headed hydra completely misses the elephant.
Your eight-headed hydra bites the elephant!
The elephant dies!
Your eight-headed hydra closely misses the six-headed hydra.
Your eight-headed hydra bites the six-headed hydra.
Your eight-headed hydra bites the six-headed hydra!
Your eight-headed hydra completely misses the six-headed hydra.
The six-headed hydra bites you!
* * * LOW HITPOINT WARNING * * *
The six-headed hydra bites you.
* * * LOW HITPOINT WARNING * * *
The six-headed hydra bites you!
You die...

##.................#........[..
#...............##S....#....P.
##................DY#..## ....#
#....#..#.#####.##..8...####..##
#...##...'###.8w.#..###...#.8.#.
#...##....P#.....#.............#
##...##.....#8...............#.......#....~P
#...##.####...#.#.....#.#....~#


You could see a seven-headed hydra, a six-headed hydra (ally target), a torpor
snail, a friendly eight-headed hydra (summoned, very poisoned, slow) and a
friendly four-headed hydra (summoned, slow).

Vanquished Creatures
  A basilisk (Lair:2)
  2 bullfrogs
  An adder (D:2)
4 creatures vanquished.

Vanquished Creatures (collateral kills)
  2 hydras
  A boulder beetle (Lair:4)
  A two-headed ogre (D:8)
  A death yak (Lair:4)
  A wizard (Volcano)
  Pikel (D:4)
  2 deep elf pyromancers (Volcano)
  3 cyclopes (Volcano)
  4 salamanders (Volcano)
  A black mamba (Lair:3)
  17 elephants
  7 cane toads
  4 molten gargoyles (Volcano)
  3 gargoyles (Volcano)
  A rime drake (Lair:1)
  3 komodo dragons
  A troll (D:9)
  2 tyrant leeches (Lair:3)
  3 polar bears
  A queen bee (Lair:2)
  Sigmund (D:5)
  24 yaks
  4 wyverns
  2 basilisks
  3 steam dragons
  Edmund (D:4)
  A swamp worm (Lair:3)
  17 water moccasins
  An orc warrior (D:9)
  2 sky beasts
  3 ice beasts
  A black bear (D:9)
  An ogre (D:6)
  15 wolves
  A centaur (D:7)
  2 lemures (D:4)
  4 phantoms
  A nameless horror (Lair:4)
  11 bullfrogs
  2 scorpions (D:6)
  8 wights
  35 killer bees
  A jelly (D:7)
  3 electric eels (D:8)
  A howler monkey (D:6)
  2 hounds
  5 iguanas
  2 scorpion zombies (D:4)
  3 orc wizards
  A centaur simulacrum (D:8)
  A hound skeleton (D:4)
  7 adders
  5 white imps
  3 ufetubi
  2 worms (D:3)
  3 dart slugs
  22 orcs
  9 ball pythons
  2 bats
  5 endoplasms
  7 giant cockroaches
  11 goblins
  5 hobgoblins
  7 jackals
  5 quokkas
  5 frilled lizards
  9 kobolds
  A quokka skeleton (D:4)
  7 rats
333 creatures vanquished.

Vanquished Creatures (others)
  10 hexers
  A shadow imp (D:8)
  A ball python (D:1)
  18 fungi
  44 plants
  4 withered plants (D:4)
78 creatures vanquished.

Grand Total: 415 creatures vanquished

Notes
Turn   | Place    | Note
-------+----------+-------------------------------------------
     0 | D:1      | Rediskos the Tengu Summoner began the quest for the Orb.
     0 | D:1      | Reached XP level 1. HP: 10/10 MP: 4/4
   507 | D:1      | Reached skill level 5 in Summonings
   513 | D:1      | Reached XP level 2. HP: 14/15 MP: 1/6
   517 | D:1      | Learned a level 2 spell: Call Imp
  1030 | D:1      | Reached skill level 1 in Air Magic
  1318 | D:1      | Reached XP level 3. HP: 19/19 MP: 5/7
  1487 | D:1      | Learned a level 3 spell: Call Canine Familiar
  1771 | D:2      | Identified the +1 chain mail of Biloz {-Tele Int+4 Dex+8}
  2478 | D:2      | Reached XP level 4. HP: 10/24 MP: 5/8
  3496 | D:3      | Gained mutation: Your magical nature lets you fly swiftly
                  | and evasively. [Tengu growth]
  3496 | D:3      | Reached XP level 5. HP: 28/28 MP: 10/10
  4017 | D:4      | Identified a scroll of acquirement
  4017 | D:4      | Acquired the +3 hat of Pondering {ponderous, Will+ MP+10
                  | Int+5}
  4017 | D:4      | Found the +3 hat of Pondering {ponderous, Will+ MP+10
                  | Int+5}
  4094 | D:4      | Found Nuixtaol's Book Shop.
  4187 | D:4      | Found an iron altar of Okawaru.
  4187 | D:4      | Found a broken altar of Ashenzari.
  4401 | D:4      | Learned a level 4 spell: Summon Lightning Spire
  4490 | D:4      | Reached XP level 6. HP: 28/32 MP: 11/11
  4701 | D:4      | Noticed Edmund
  4782 | D:4      | Reached skill level 6 in Summonings
  4870 | D:4      | Killed Edmund
  4936 | D:4      | Found a staircase to the Ecumenical Temple.
  4957 | Temple   | Entered the Ecumenical Temple
  5087 | Temple   | Became a worshipper of Hepliaklqana the Forgotten
  5326 | D:4      | Noticed Pikel
  5367 | D:4      | Killed Pikel
  5368 | D:4      | Reached skill level 5 in Dodging
  5368 | D:4      | Reached skill level 7 in Summonings
  5368 | D:4      | Reached skill level 5 in Air Magic
  5368 | D:4      | Reached XP level 7. HP: 36/36 MP: 12/14
  5368 | D:4      | Reached XP level 8. HP: 41/41 MP: 12/15
  5376 | D:4      | Learned a level 4 spell: Summon Ice Beast
  5612 | D:5      | Entered Level 5 of the Dungeon
  5825 | D:5      | Reached skill level 1 in Ice Magic
  5988 | D:5      | Found a shadowy altar of Dithmenos.
  6060 | D:5      | Reached * piety under Hepliaklqana
  6105 | D:5      | Noticed Sigmund
  6159 | D:5      | Killed Sigmund
  6160 | D:5      | Reached skill level 5 in Spellcasting
  6645 | D:6      | Reached skill level 8 in Summonings
  6679 | D:6      | Reached XP level 9. HP: 40/40 MP: 18/18
  6702 | D:6      | You are sucked into a shaft and drop 2 floors!
  6742 | D:8      | Noticed a polar bear
  6751 | D:8      | Killed a polar bear
  7280 | D:7      | Reached skill level 9 in Summonings
  7362 | D:7      | Found a stormy altar of Qazlal.
  7363 | D:7      | Reached ** piety under Hepliaklqana
  7381 | D:7      | Remembered your ancestor Kukus as a hexer
  7997 | D:6      | Noticed 101zpm's ghost (novice DjFE)
  8001 | D:6      | Found a transporter.
  8019 | D:6      | Reached skill level 1 in Fighting
  8019 | D:6      | Reached skill level 1 in Evocations
  8203 | D:6      | Found a transporter.
  8396 | D:8      | Noticed a two-headed ogre
  8764 | D:8      | Reached XP level 10. HP: 37/49 MP: 21/21
  8768 | D:8      | Reached skill level 10 in Summonings
  8798 | D:8      | Killed a two-headed ogre
  9329 | D:8      | Reached skill level 5 in Fighting
  9329 | D:8      | Reached skill level 11 in Summonings
  9748 | D:8      | Found a sparkling altar of Nemelex Xobeh.
  9749 | D:8      | Found a shimmering altar of Xom.
  9948 | D:9      | Identified the amulet "Hekliocs" {Regen+ SInv}
  9979 | D:9      | Reached XP level 11. HP: 56/56 MP: 24/24
 10233 | D:4      | Bought the Writings on Summoned Congelation for 456 gold
                  | pieces
 10241 | D:4      | Learned a level 7 spell: Summon Hydra
 10245 | D:4      | Learned a level 3 spell: Mephitic Cloud
 10421 | D:9      | Reached skill level 12 in Summonings
 10537 | D:9      | Reached *** piety under Hepliaklqana
 10685 | D:9      | Found a staircase to the Lair.
 10755 | Lair:1   | Entered Level 1 of the Lair of Beasts
 11058 | Lair:1   | Found a dark tunnel.
 11065 | Volcano  | Entered a volcano
 11271 | Volcano  | Noticed a cyclops
 11282 | Volcano  | Killed a cyclops
 11344 | Volcano  | Noticed a salamander
 11355 | Volcano  | Killed a salamander
 11356 | Volcano  | Reached skill level 13 in Summonings
 11366 | Volcano  | Noticed a salamander
 11375 | Volcano  | Killed a salamander
 11391 | Volcano  | Reached skill level 10 in Spellcasting
 11402 | Volcano  | Noticed a salamander
 11412 | Volcano  | Killed a salamander
 11436 | Volcano  | Noticed a wizard
 11436 | Volcano  | Noticed a deep elf pyromancer
 11485 | Volcano  | Killed a deep elf pyromancer
 11788 | Volcano  | Killed a wizard
 11810 | Volcano  | Noticed a deep elf pyromancer
 11810 | Volcano  | Noticed an orb of fire
 12008 | Volcano  | Noticed an orb of fire
 12013 | Volcano  | Noticed a cyclops
 12014 | Volcano  | Noticed a cyclops
 12020 | Volcano  | Killed a cyclops
 12021 | Volcano  | Reached skill level 14 in Summonings
 12025 | Volcano  | Killed a deep elf pyromancer
 12026 | Volcano  | Reached XP level 12. HP: 46/61 MP: 20/27
 12139 | Volcano  | Reached skill level 1 in Armour
 13102 | Lair:2   | Noticed a six-headed hydra
 13106 | Lair:2   | Killed a six-headed hydra
 13252 | Lair:2   | Reached skill level 15 in Summonings
 13274 | Lair:2   | Reached **** piety under Hepliaklqana
 14030 | Lair:2   | Learned a level 2 spell: Blink
 14061 | Lair:2   | Reached skill level 5 in Armour
 14405 | Lair:2   | HP: 3/61 [komodo dragon (9)]
 14793 | Lair:3   | Noticed a four-headed hydra
 14798 | Lair:3   | Killed a four-headed hydra
 14988 | Lair:3   | Reached XP level 13. HP: 54/64 MP: 30/30
 15145 | Lair:3   | Found a staircase to the Snake Pit.
 15164 | Lair:3   | Reached skill level 16 in Summonings
 15205 | Lair:3   | Reached skill level 1 in Polearms
 15451 | Lair:3   | Found a staircase to the Swamp.
 16224 | Lair:4   | Found the ring of Shadows {Umbra +Inv Stlth+}
 16242 | Lair:4   | Reached ***** piety under Hepliaklqana
 16429 | Lair:4   | Reached skill level 5 in Polearms
 16446 | Lair:4   | Slain by a six-headed hydra

Illustrated notes

Levels and vault maps discovered:
D:1:      mushboom_english_gardens, layout_basic
D:2:      layout_loops_corners
D:3:      layout_basic
D:4:      layout_loops_cross, chequers_temple_overflow_statue_of_worship,
          minmay_temple_entry_grid, serial_undead, serial_undead_f,
          serial_undead_c, serial_undead_e, serial_undead_b,
          nicolae_stop_n_shop_1, roderic_lattice_a, grunt_decor_cap,
          serial_bayou_pond_e, uniq_edmund, uniq_pikel
D:5:      layout_loops_ring, mainiacjoe_overflow_24_doors, uniq_sigmund
D:6:      layout_rooms, gammafunk_ghost_stat_death
D:7:      layout_basic, lemuel_round_altar
D:8:      layout_basic, mainiacjoe_overflow_divided_tiny, serial_ice,
          serial_ice_i, serial_ice_e, serial_ice_n, serial_ice_m
D:9:      layout_cave_pools, grunt_lair_entry_orc_guard_hut
Temple:   nicolae_temple_x_marks_the_god
Lair:1:   layout_regular_city, enter_volcano_2
Lair:2:   regret_index_tunnel_blossom, layout_misc_corridors
Lair:3:   layout_big_grid, minmay_swamp_entry_worms,
          minmay_snake_entry_six_corridors, grunt_megastairs_2
Lair:4:   layout_regular_city, slime_entry_1, basic_altar, serial_bayou_pond_d,
          serial_bayou_ford_a, nicolae_lair_time_for_slime, grunt_megastairs_1

Skill      XL: |  1  2  3  4  5  6  7  8  9 10 11 12 13 |
---------------+----------------------------------------+-----
Summonings     | 5 7 8 9 11 14 15 16 | 16.9
Air Magic      | 1 2 3 5 7 |  7.4
Dodging        | 3 5 |  5.0
Spellcasting   | 3 4 5 7 8 10 12 13 | 13.0
Ice Magic      | 2 4 |  4.0
Fighting       | 2 5 |  5.0
Evocations     | 2 |  2.0
Armour         | 5 |  5.0
Polearms       | 5 |  5.0
Stealth        | |  2.0

Action                   |  1- 3 |  4- 6 |  7- 9 | 10-12 | 13-15 || total
-------------------------+-------+-------+-------+-------+-------++-------
Melee: Staff             |     2 |       |       |       |       ||     2
       Kick              |     1 |       |     1 |     5 |     9 ||    16
       Peck              |     1 |       |       |     1 |     8 ||    10
       Mace              |       |       |     3 |     9 |       ||    12
       Punch             |       |       |     1 |       |       ||     1
       Spear             |       |       |       |       |    41 ||    41
 Fire: Sling             |       |     1 |       |       |       ||     1
 Cast: Summon Small Mamm |    70 |    99 |    24 |       |       ||   193
       Call Imp          |    17 |    32 |    18 |    23 |       ||    90
       Call Canine Famil |       |    29 |    30 |    53 |    15 ||   127
       Summon Lightning  |       |       |    17 |    72 |    13 ||   102
       Summon Ice Beast  |       |       |     9 |    53 |    19 ||    81
       Mephitic Cloud    |       |       |       |     8 |     2 ||    10
       Summon Hydra      |       |       |       |     8 |    12 ||    20
       Blink             |       |       |       |     1 |     1 ||     2
Invok: Ancestor Identity |       |       |     1 |       |       ||     1
       Recall Ancestor   |       |       |     2 |       |       ||     2
       Ancestor Life: He |       |       |     1 |       |       ||     1
  Use: Scroll            |       |     7 |     5 |     5 |     1 ||    18
       Potion            |       |       |       |     1 |       ||     1
 Stab: Confused          |       |       |       |     1 |     4 ||     5
Armor: Robe              |     4 |     7 |     6 |     1 |       ||    18
       Leather armour    |       |       |       |    16 |    21 ||    37
Dodge: Dodged            |    16 |    17 |    14 |    60 |    42 ||   149
